AoeStats
← O grande

Arabia

509079872Analyzed
1v1 RM · 6d ago on Sep 25, 2026· 56m 37s· 2 players
Game mode
Random Map
Map size
Tiny (2 player)
Population
200
Speed
Normal
Resources
Standard
Victory
Conquest
Starting age
Dark Age
Ending age
Imperial Age
RankedLock teamsTeams togetherTeam positionsShared explorationLock speedFull tech treeHidden civsTurbo modeCheats
Victory
Defeat
🇨🇳 Magyars · China
2163
+13
🇧🇷 Chinese · Brazil
2088
-13
O grande
0:27 Loom
8:51 Feudal Age
9:19 Double-Bit Axe
10:03 Horse Collar
19:09 Castle Age
17:49 Gold Mining
18:35 Fletching
19:11 Crossbowman
20:33 Bodkin Arrow
25:50 Bow Saw
26:18 Heavy Plow
26:09 Town Watch
27:34 Padded Archer Armor
28:43 Wheelbarrow
29:15 Ballistics
29:45 Stone Mining
30:23 Hand Cart
30:49 Gold Shaft Mining
33:22 Scale Mail Armor
33:35 Squires
36:12 Imperial Age
34:08 Scale Mail Armor
34:40 Squires
34:26 Arson
35:45 Chain Mail Armor
35:18 Elite Skirmisher
36:29 Leather Archer Armor
36:29 Masonry
36:15 Murder Holes
36:39 Thumb Ring
36:46 Forging
37:14 Conscription
38:38 Two-Man Saw
38:08 Bracer
38:39 Ring Archer Armor
39:15 Chemistry
38:28 Pikeman
40:12 Plate Mail Armor
40:17 Iron Casting
39:29 Halberdier
41:23 Iron Casting
41:32 Guard Tower
41:28 Arrowslits
45:14 Keep
44:34 Arbalester
46:49 Blast Furnace
50:26 Sappers
50:57 Great Wall
52:37 Architecture
56:02 Light Cavalry
56:52 Bloodlines
56:43 Husbandry
56:49 Scale Barding Armor
Zionic
6:21 Loom
9:02 Feudal Age
9:46 Double-Bit Axe
10:17 Horse Collar
15:48 Bloodlines
20:52 Castle Age
18:44 Gold Mining
19:43 Fletching
20:26 Padded Archer Armor
20:40 Town Watch
21:01 Light Cavalry
22:39 Scale Barding Armor
28:29 Wheelbarrow
34:14 Imperial Age
31:41 Bodkin Arrow
32:01 Leather Archer Armor
31:50 Stone Mining
33:08 Leather Archer Armor
34:20 Thumb Ring
34:56 Bracer
35:07 Recurve Bow
36:11 Chemistry
35:30 Husbandry
36:11 Parthian Tactics
36:55 Ballistics
37:04 Heavy Cavalry Archer
39:25 Ring Archer Armor
39:23 Corvinian Army
40:44 Chain Barding Armor
40:12 Capped Ram
41:53 Gold Shaft Mining
41:35 Bow Saw
41:58 Conscription
42:25 Plate Barding Armor
41:50 Scale Mail Armor
44:43 Elite Magyar Huszar
45:52 Hand Cart
48:24 Two-Man Saw
47:28 Heavy Plow
50:11 Hoardings
49:07 Sappers
Connection lost

Rejoining the realm…

Still unreachable

The connection could not be restored.

Session expired

The server has moved on; the page needs a fresh start.